 Dungeon Crawl Stone Soup version 0.22-a0-49-g614aadd (webtiles) character file.

17 KristoblXynda the Conjurer (level 2, -2/20 HPs)
             Began as a Draconian Conjurer on Jan 8, 2018.
             Slain by a gnoll
             ... wielding a +0 flail
              (13 damage)
             ... on level 1 of the Dungeon.
             The game lasted 00:01:22 (873 turns).

KristoblXynda the Conjurer (Draconian Conjurer)      Turns: 873, Time: 00:01:22

Health: -2/20      AC:  4    Str: 10    XL:     2   Next: 44%
Magic:  2/5        EV: 12    Int: 15    God:
Gold:   52         SH:  0    Dex: 11    Spells: 5/6 levels left

rFire    . . .     SeeInvis .   (no weapon)
rCold    . . .     Gourm    .   (no shield)
rNeg     . . .     Faith    .   (armour unavailable)
rPois    .         Spirit   .   (helmet restricted)
rElec    .         Reflect  .   (no cloak)
rCorr    .         Harm     .   (no gloves)
MR       .....                  (no boots)
Stlth    ++........             (no amulet)
HPRegen  0.06/turn              (no ring)
MPRegen  0.09/turn              (no ring)

@: no status effects
A: unfitting armour, cold-blooded, AC +4
a: no special abilities


You were on level 1 of the Dungeon.
You were not hungry.

You visited 1 branch of the dungeon, and saw 1 of its levels.

You collected 52 gold pieces.

Inventory:

Scrolls
 d - a scroll of random uselessness {unknown}
 e - a scroll of amnesia {unknown}
 f - a scroll of identify {unknown}
 g - a scroll of remove curse {unknown}
 h - a scroll of fear {unknown}
Potions
 c - a potion of lignification {unknown}
 i - a potion of degeneration {unknown}
 j - a potion of heal wounds {unknown}
Books
 a - a book of Conjurations

   Spells                             Type                      Level
   a - Magic Dart                     Conjuration                  1
   b - Searing Ray                    Conjuration                  2
   c - Dazzling Spray                 Conjuration/Hexes            3
   d - Fulminant Prism                Conjuration/Hexes            4
   e - Force Lance                    Conjuration/Translocation    4
   f - Iskenderun's Mystic Blast      Conjuration                  4
Comestibles
 b - 3 rations


   Skills:
 - Level 1.7 Dodging
 - Level 1.7 Stealth
 + Level 2.5 Spellcasting
 + Level 4.3 Conjurations


You had 5 spell levels left.
You knew the following spells:

 Your Spells              Type           Power        Failure   Level  Hunger
a - Magic Dart            Conj           ##..         3%          1    #......


Dungeon Overview and Level Annotations

Branches:
Dungeon (1/15)

Altars:


Innate Abilities, Weirdness & Mutations

Your plain brown scales are hard. (AC +4)
You cannot fit into any form of body armour.
You are cold-blooded and may be slowed by cold attacks.


Message History

The gnoll is almost dead.
The goblin closely misses you. The gnoll completely misses you.
The goblin barely misses you.
You miss the goblin. The goblin hits you with a dagger.
You barely miss the goblin. The goblin misses you.
You hit the goblin but do no damage.
Your tail-slap misses the goblin.
The goblin hits you but does no damage.
You hit the goblin.
The goblin is heavily wounded.
The goblin barely misses you.
You closely miss the goblin.
The goblin is heavily wounded.
The goblin hits you but does no damage.
You hit the goblin.
You kill the goblin!
You barely miss the gnoll.
The gnoll is severely wounded.
The gnoll hits you with a flail!
Ouch! That really hurt!
You die...

### ##########. ..# #........#.
#####.# #.######.#. #...#.# #.#
#.#. .#...#.# #.# ##'#' ..>..#.#
#.# #.... .....#.###### #.# #....
.#.#........###########.# #....
...............g@....##.#####....
...###......########.##.....+....
........................#####....
####################....# ###....
#†#.#.#.#.#.#†# ####### .......
#'#'#'#'#'#'#'# #....# .......
##.#.#.#.#.#.#.####.##.# ......#
'.......<.......'.#.##.# ####+##
##.#.#.#.#.#.#.####.##.# #.##


You could see a gnoll.

Vanquished Creatures
  A leopard gecko (D:1)
  5 giant cockroaches (D:1)
  A goblin (D:1)
  A hobgoblin (D:1)
  8 rats (D:1)
16 creatures vanquished.

Notes
Turn   | Place    | Note
-------+----------+-------------------------------------------
     0 | D:1      | KristoblXynda the Draconian Conjurer began the quest for the Orb.
     0 | D:1      | Reached XP level 1. HP: 14/14 MP: 3/3
   154 | D:1      | Reached XP level 2. HP: 17/20 MP: 5/5
   873 | D:1      | Slain by a gnoll

Vault maps used:
D:1:      onia_arrival_larder, minmay_misc_feat_cross

Action                   || total
-------------------------++-------
Melee: Unarmed           ||    68
       Tailslap          ||     8
 Cast: Magic Dart        ||    15
 Stab: Sleeping          ||     7
Armor: Skin              ||    15
Dodge: Dodged            ||    44

Table legend:
 A = Spawn XP
 B = Non-spawn XP
 C = Spawn XP percentage of total XP
 D = Spawn monster count
 E = Non-spawn monster count
 F = Spawn count percentage of total count
 G = Total turns spent on level
                    A         B        C        D         E        F      G
               +---------+---------+-------+---------+---------+-------+---------
         Total |       0 |      25 |   0.0 |       0 |      16 |   0.0 |   873
               +---------+---------+-------+---------+---------+-------+---------
           D:1 |       0 |      25 |   0.0 |       0 |      16 |   0.0 |   873
               +---------+---------+-------+---------+---------+-------+---------
